 Dungeon Crawl Stone Soup version 0.16-a0-119-gc74d62a (webtiles) character file.

282 HiobMontag the Skirmisher (level 6, 0/56 HPs)
             Began as a Minotaur Berserker on Aug 12, 2014.
             Was an Elder of Trog.
             Slain by a gnoll
             ... wielding a cursed -1 club
              (8 damage)
             ... on Level 4 of the Dungeon.
             The game lasted 00:12:47 (3291 turns).

HiobMontag the Skirmisher (Minotaur Berserker)      Turns: 3291, Time: 00:12:47

HP   0/56        AC  5     Str 24      XL: 6   Next:  6%
MP   3/3         EV  6     Int  4      God: Trog [****..]
Gold 51          SH  0     Dex  9      Spells:  0 memorised,  5 levels left

rFire  . . .     SeeInvis .     a - +0 short sword
rCold  . . .     Clarity  .     b - +0 animal skin
rNeg   . . .     rCorr    .     k - +3 buckler
rPois  .         rRot     .     (helmet restricted)
rElec  .         Spirit   .     h - +1 cloak
SustAb .         Warding  .     g - +0 pair of gloves
rMut   .         Stasis   .     (no boots)
Gourm  .                        (no amulet)
MR     .....                    (no ring)
                                (no ring)

@: exhausted, held, slowed, very slow, not resistant to hostile enchantments,
very unstealthy
A: retaliatory headbutt, horns 2
a: Burn Spellbooks, Berserk, Trog's Hand, Brothers in Arms, Renounce Religion


You were on level 4 of the Dungeon.
You worshipped Trog.
Trog was greatly pleased with you.
You were very hungry.

You visited 1 branch of the dungeon, and saw 4 of its levels.

You collected 51 gold pieces.

Inventory:

Hand weapons
 a - a +0 short sword (weapon)
 o - a +2 antimagic spear
Missiles
 p - 3 silver tomahawks (quivered)
Armour
 b - a +0 animal skin (worn)
 f - a +0 leather armour
 g - a +0 pair of gloves (worn)
 h - a +1 cloak (worn)
 k - a +3 buckler (worn)
Comestibles
 c - 2 bread rations
 l - a slice of pizza
Scrolls
 e - a scroll of enchant armour
 j - a scroll of remove curse
 m - 3 scrolls of identify
 n - a scroll of teleportation {unknown}
Jewellery
 q - an uncursed amulet of faith {unknown}
Potions
 d - a potion of invisibility {unknown}
 i - a potion of mutation {unknown}
 r - a potion of restore abilities {unknown}


   Skills:
 + Level 5.0 Fighting
 + Level 4.9 Short Blades
 + Level 2.7 Armour
 + Level 4.5 Dodging
 + Level 1.7 Shields


You had 5 spell levels left.
You didn't know any spells.

Dungeon Overview and Level Annotations

Branches:
Dungeon (4/15)
 Temple: D:4-7

Altars:
Ashenzari
Kikubaaqudgha
Trog
Xom
The Shining One


Innate Abilities, Weirdness & Mutations

You reflexively headbutt those who attack you in melee.
You have a pair of horns on your head.


Message History

You are held in a net!
The gnoll hits you with a club. The gnoll hits you.
The gnoll hits you but does no damage.
You are held in a net!
The gnoll barely misses you. The gnoll hits you but does no damage.
The gnoll hits you. The gnoll hits you!
* * * LOW HITPOINT WARNING * * *
The gnoll hits you with a club.
* * * LOW HITPOINT WARNING * * *
The gnoll hits you but does no damage.
You are too injured to fight recklessly!
The gnoll hits you but does no damage. The gnoll hits you!
* * * LOW HITPOINT WARNING * * *
The gnoll barely misses you.
You are too injured to fight recklessly!
You are too injured to fight recklessly!
You slice into the net. The gnoll barely misses you. You furiously retaliate!
You headbutt the gnoll. The gnoll barely misses you.
The gnoll hits you with a club!
You die...

... ......
......#
.......#
........#
........#
......sK#
.......gg#
......lg@#
.......#.#
..... #<#
.... ###
###


You could see a scorpion, 3 gnolls, a giant gecko and a kobold.

Vanquished Creatures
  A giant frog (D:3)
  An orc priest (D:2)
  3 adders (D:2)
  4 gnolls (D:3)
  A green rat (D:3)
  6 worms
  A giant mite (D:3)
  3 giant geckos
  4 orcs
  2 ball pythons (D:3)
  8 giant cockroaches
  A goblin (D:1)
  5 hobgoblins
  A quokka (D:1)
  11 bats
  5 giant newts
  4 jackals (D:1)
  A kobold (D:3)
  13 rats
75 creatures vanquished.

Notes
Turn   | Place    | Note
--------------------------------------------------------------
     0 | D:1      | HiobMontag, the Minotaur Berserker, began the quest for the Orb.
     0 | D:1      | Reached XP level 1. HP: 19/19 MP: 1/1
   177 | D:1      | Reached XP level 2. HP: 27/27 MP: 1/1
   238 | D:1      | Acquired Trog's second power
   651 | D:1      | Reached skill level 4 in Fighting
   965 | D:2      | Reached XP level 3. HP: 33/33 MP: 2/2
   985 | D:2      | Found a shimmering altar of Xom.
  1262 | D:2      | Found a glowing golden altar of the Shining One.
  1445 | D:2      | Found a shattered altar of Ashenzari.
  1555 | D:2      | Reached XP level 4. HP: 8/41 MP: 2/2
  2266 | D:3      | Reached XP level 5. HP: 47/47 MP: 2/2
  2664 | D:3      | Found an ancient bone altar of Kikubaaqudgha.
  2739 | D:3      | Noticed a moth of wrath
  2741 | D:3      | Found a bloodstained altar of Trog.
  2755 | D:3      | Reached skill level 1 in Shields
  2761 | D:3      | Reached skill level 5 in Fighting
  2903 | D:3      | Acquired Trog's third power
  3115 | D:3      | Reached XP level 6. HP: 39/56 MP: 3/3
  3291 | D:4      | Slain by a gnoll

Action                   |  1- 3 |  4- 6 || total
-------------------------+-------+-------++-------
Melee: Short sword       |   106 |   139 ||   245
Invok: Berserk           |       |     4 ||     4
       Burn Spellbooks   |       |     1 ||     1
  Use: Scroll            |     5 |       ||     5
  Eat: Chunk             |     1 |     8 ||     9
       Beef jerky        |       |     1 ||     1
